[Event "4NCL Div 1 2018-19"]
[Site "Daventry"]
[Date "2019.01.12"]
[Round "3"]
[White "Gordon, Stephen J"]
[Black "Cornette, Matthieu"]
[Result "1/2-1/2"]
[ECO "D37"]
[WhiteElo "2544"]
[BlackElo "2587"]
[Annotator "ChessBase"]
[PlyCount "26"]
[EventDate "2019.01.12"]
[EventCountry "GBR"]
[SourceTitle "playchess.com"]
[Source "ChessBase"]
[SourceQuality "1"]
[TimeControl "40"]

1. Nf3 e6 2. c4 d5 3. d4 a6 4. cxd5 exd5 5. Nc3 Nf6 6. Bg5 Be6 7. e3 Nbd7 8. Bd3 h6 9. Bh4 g5 10. Bg3 Nh5 11. Be5 Nhf6 12. Bg3 Nh5 13. Be5 Nhf6 1/2-1/2

[Event "4NCL Div 1 2018-19"]
[Site "Daventry"]
[Date "2019.01.12"]
[Round "3"]
[White "Fodor, Tamas Jr."]
[Black "Rendle, Thomas E"]
[Result "1/2-1/2"]
[ECO "A88"]
[WhiteElo "2520"]
[BlackElo "2373"]
[Annotator "ChessBase"]
[PlyCount "48"]
[EventDate "2019.01.12"]
[EventCountry "GBR"]
[SourceTitle "playchess.com"]
[Source "ChessBase"]
[SourceQuality "1"]
[TimeControl "40"]

1. Nf3 f5 2. c4 Nf6 3. Nc3 d6 4. d4 g6 5. g3 Bg7 6. Bg2 O-O 7. O-O c6 8. b3 Na6 9. Bb2 Rb8 10. Rc1 Bd7 11. d5 c5 12. a4 h6 13. Ne1 g5 14. Nd3 Nc7 15. Qd2 Qe8 16. e4 Qh5 17. Rce1 Rbe8 18. Qe2 Qxe2 19. Rxe2 e5 20. dxe6 Nxe6 21. exf5 Nd4 22. Rxe8 Rxe8 23. Nb5 Nxb5 24. axb5 Bxf5 1/2-1/2

[Event "4NCL Div 1 2018-19"]
[Site "Daventry"]
[Date "2019.01.12"]
[Round "3"]
[White "Speelman, Jon S"]
[Black "Gourlay, Iain"]
[Result "1/2-1/2"]
[ECO "D02"]
[WhiteElo "2509"]
[BlackElo "2351"]
[Annotator "ChessBase"]
[PlyCount "52"]
[EventDate "2019.01.12"]
[EventCountry "GBR"]
[SourceTitle "playchess.com"]
[Source "ChessBase"]
[SourceQuality "1"]
[TimeControl "40"]

1. Nf3 d5 2. g3 Nf6 3. Bg2 c6 4. O-O Bg4 5. d4 Nbd7 6. Nbd2 e6 7. Re1 Be7 8. e4 O-O 9. c3 c5 10. exd5 Nxd5 11. Nc4 Qc7 12. Ne3 Nxe3 13. Bxe3 Rad8 14. Qa4 Bf5 15. Rad1 c4 16. Nd2 Nb6 17. Qxa7 Nd5 18. Qa4 b5 19. Qxb5 Bd3 20. Bf4 Nxf4 21. gxf4 Rb8 22. Qc6 Qxf4 23. b4 cxb3 24. Nxb3 Rfc8 25. Qf3 Qxf3 26. Bxf3 Bc2 1/2-1/2

[Event "4NCL Div 1 2018-19"]
[Site "Daventry"]
[Date "2019.01.12"]
[Round "3"]
[White "Hunt, Adam C"]
[Black "Fitzsimons, David"]
[Result "1-0"]
[ECO "B06"]
[WhiteElo "2401"]
[BlackElo "2301"]
[Annotator "NA"]
[PlyCount "107"]
[EventDate "2019.01.12"]
[EventCountry "GBR"]
[SourceTitle "playchess.com"]
[Source "ChessBase"]
[SourceQuality "1"]
[TimeControl "40"]

1. e4 g6 2. d4 Bg7 3. Nc3 d5 4. e5 f6 5. f4 Nh6 6. Nf3 O-O 7. Be2 Bg4 8. O-O e6 9. Be3 Nf5 10. Bf2 Nd7 11. Ne1 Bxe2 12. Nxe2 fxe5 13. fxe5 c5 14. c3 cxd4 15. cxd4 Bh6 16. Qd3 Qb6 17. Rb1 Rac8 18. Nc3 Rc6 19. Nc2 Rfc8 20. g4 Ne7 21. Be3 Nxe5 22. dxe5 Bxe3+ 23. Qxe3 Qxe3+ 24. Nxe3 d4 25. Nb5 dxe3 26. Nxa7 Rc4 27. Nxc8 Rxg4+ 28. Kh1 Nxc8 29. Rf3 Re4 30. Re1 e2 31. Rf2 Nb6 32. Rexe2 Ra4 33. b3 Ra6 34. Rc2 Nd5 35. Rc8+ Kg7 36. Rb8 b6 37. Rb7+ Kh6 38. Kg2 Ra5 39. Kg3 g5 40. a4 Rc5 41. Rd7 Kg6 42. Rd6 Rc3+ 43. Rf3 Rxf3+ 44. Kxf3 Kf5 45. b4 Kxe5 46. Rc6 Nxb4 47. Rxb6 Nd5 48. Rb7 Kd4 49. a5 e5 50. a6 e4+ 51. Ke2 Nf4+ 52. Kf1 e3 53. a7 e2+ 54. Kf2 1-0

[Event "4NCL Div 1 2018-19"]
[Site "Daventry"]
[Date "2019.01.12"]
[Round "3"]
[White "Pigott, John C"]
[Black "Moreby, James"]
[Result "1-0"]
[ECO "A13"]
[WhiteElo "2387"]
[BlackElo "2116"]
[Annotator "NA"]
[PlyCount "79"]
[EventDate "2019.01.12"]
[EventCountry "GBR"]
[SourceTitle "playchess.com"]
[Source "ChessBase"]
[SourceQuality "1"]
[TimeControl "40"]

1. c4 e6 2. g3 c5 3. Bg2 Nc6 4. Nf3 Nge7 5. O-O g6 6. d4 cxd4 7. Nxd4 Bg7 8. Be3 O-O 9. Nc3 d5 10. cxd5 exd5 11. Qd2 Be6 12. Rfd1 Qd7 13. Nb3 Rfd8 14. Bh6 Bh8 15. Bg5 b6 16. e4 d4 17. Qf4 Bg4 18. Bf3 Bxf3 19. Qxf3 f6 20. Bf4 g5 21. Be3 d3 22. Qh5 Qe6 23. f4 gxf4 24. gxf4 f5 25. e5 Rd7 26. Rd2 Nd5 27. Nxd5 Rxd5 28. Rg2+ Bg7 29. Kf2 Kh8 30. Rag1 Rg8 31. Rg5 Ne7 32. Nd4 Qc8 33. Rc1 Qd7 34. Nf3 Qb5 35. Rc7 Rd7 36. Rxd7 Qxd7 37. Qf7 h6 38. Rg1 Kh7 39. Ng5+ hxg5 40. Rxg5 1-0

[Event "4NCL Div 1 2018-19"]
[Site "Daventry"]
[Date "2019.01.12"]
[Round "3"]
[White "Milliet, Sophie"]
[Black "Matta, Francesca"]
[Result "1-0"]
[ECO "B41"]
[WhiteElo "2386"]
[BlackElo "1918"]
[Annotator "NA"]
[PlyCount "97"]
[EventDate "2019.01.12"]
[EventCountry "GBR"]
[SourceTitle "playchess.com"]
[Source "ChessBase"]
[SourceQuality "1"]
[TimeControl "40"]

1. e4 c5 2. Nf3 e6 3. d4 cxd4 4. Nxd4 a6 5. c4 Nf6 6. Nc3 Qc7 7. Be2 b6 8. O-O Bb7 9. Qd3 Be7 10. f4 d6 11. f5 e5 12. Nc2 Nbd7 13. Ne3 O-O 14. Ned5 Nxd5 15. exd5 b5 16. cxb5 axb5 17. Nxb5 Qc5+ 18. Be3 Qxd5 19. Qxd5 Bxd5 20. Nc7 Ra5 21. b4 Bd8 22. bxa5 Bxc7 23. Rfd1 Be4 24. Rac1 Bxa5 25. Rxd6 Bxf5 26. Rd5 Bb4 27. Rcd1 Nf6 28. Rxe5 Be6 29. Rb5 Ba3 30. Ra5 Bb4 31. Ra4 Nd5 32. Rxd5 Bxd5 33. Rxb4 Bxa2 34. Bf4 Re8 35. Kf2 h6 36. Rb8 Rxb8 37. Bxb8 f6 38. Ke3 Kf7 39. Kd4 Kg6 40. Bc4 Bxc4 41. Kxc4 Kf5 42. Kd4 Kg4 43. h3+ Kh4 44. Ke4 g5 45. Kf5 h5 46. g4 hxg4 47. hxg4 Kh3 48. Bc7 Kh4 49. Bd8 1-0

[Event "4NCL Div 1 2018-19"]
[Site "Daventry"]
[Date "2019.01.12"]
[Round "3"]
[White "Taylor, Adam C"]
[Black "Morrison, Graham"]
[Result "1-0"]
[ECO "E08"]
[WhiteElo "2356"]
[BlackElo "2292"]
[Annotator "NA"]
[PlyCount "97"]
[EventDate "2019.01.12"]
[EventCountry "GBR"]
[SourceTitle "playchess.com"]
[Source "ChessBase"]
[SourceQuality "1"]
[TimeControl "40"]

1. Nf3 Nf6 2. g3 d5 3. Bg2 e6 4. O-O Be7 5. c4 O-O 6. d4 c6 7. Qc2 b6 8. b3 Bb7 9. Rd1 Nbd7 10. Nc3 Qc8 11. Bf4 b5 12. Rac1 Ba3 13. Rb1 Be7 14. Ne1 bxc4 15. bxc4 Nh5 16. cxd5 cxd5 17. Bc7 Nhf6 18. Rdc1 Ba6 19. Nb5 Bxb5 20. Rxb5 a6 21. Rb3 Ra7 22. Nd3 Qa8 23. Ba5 Rb7 24. e3 Rb5 25. Be1 Qb7 26. Bf1 Rxb3 27. axb3 Rb8 28. Nc5 Nxc5 29. dxc5 Qc6 30. b4 Ne8 31. Bd3 f5 32. g4 g6 33. Ra1 Nc7 34. Bc3 Kf7 35. Qe2 Bf6 36. Bxf6 Kxf6 37. Qb2+ Kf7 38. g5 Kg8 39. Qe5 Rd8 40. Bxa6 Nxa6 41. b5 Qxb5 42. Qxe6+ Kf8 43. Qf6+ Ke8 44. Rxa6 Qb1+ 45. Kg2 Qe4+ 46. f3 Qc2+ 47. Kh3 Qxc5 48. Rc6 Qf8 49. Qe5+ 1-0

[Event "4NCL Div 1 2018-19"]
[Site "Daventry"]
[Date "2019.01.12"]
[Round "3"]
[White "Ledger, Andrew J"]
[Black "Kalavannan, Koby"]
[Result "1/2-1/2"]
[ECO "E62"]
[WhiteElo "2348"]
[BlackElo "2339"]
[Annotator "NA"]
[PlyCount "107"]
[EventDate "2019.01.12"]
[EventCountry "GBR"]
[SourceTitle "playchess.com"]
[Source "ChessBase"]
[SourceQuality "1"]
[TimeControl "40"]

1. d4 Nf6 2. Nf3 g6 3. c4 Bg7 4. g3 O-O 5. Bg2 d6 6. O-O Nc6 7. Nc3 e5 8. dxe5 dxe5 9. Bg5 Be6 10. Qc1 Bxc4 11. Nd2 Be6 12. Nde4 h6 13. Bxf6 Bxf6 14. Rd1 Qe7 15. Nxf6+ Qxf6 16. Qxh6 Qg7 17. Qxg7+ Kxg7 18. Ne4 Rad8 19. Nc5 Bg4 20. Rxd8 Nxd8 21. Nxb7 Nxb7 22. Bxb7 Rb8 23. Bd5 Rxb2 24. Rc1 Rxe2 25. Rxc7 Bh3 26. f4 e4 27. Rxf7+ Kh6 28. Rf8 Rg2+ 29. Kh1 Rd2 30. Rh8+ Kg7 31. Rxh3 Rxd5 32. g4 Rd1+ 33. Kg2 Rd2+ 34. Kg1 Rxa2 35. Re3 Ra4 36. Kf2 Kf6 37. Rc3 Ke6 38. Rc5 Kd6 39. Rg5 Ra3 40. Ke2 a5 41. Rxg6+ Kd5 42. f5 Kd4 43. Rd6+ Ke5 44. Re6+ Kf4 45. f6 Ra2+ 46. Kd1 Ra1+ 47. Kc2 Rf1 48. h3 a4 49. f7 Kg5 50. Rxe4 Rxf7 51. Re5+ Kg6 52. h4 Rf4 53. h5+ Kf6 54. Rf5+ 1/2-1/2

[Event "4NCL Div 1 2018-19"]
[Site "Daventry"]
[Date "2019.01.12"]
[Round "3"]
[White "Ashton, Adam G"]
[Black "Kulon, Klaudia"]
[Result "0-1"]
[ECO "C55"]
[WhiteElo "2332"]
[BlackElo "2327"]
[Annotator "NA"]
[PlyCount "78"]
[EventDate "2019.01.12"]
[EventCountry "GBR"]
[SourceTitle "playchess.com"]
[Source "ChessBase"]
[SourceQuality "1"]
[TimeControl "40"]

1. e4 e5 2. Nf3 Nc6 3. Bc4 Nf6 4. d3 h6 5. c3 d6 6. Bb3 g6 7. Nbd2 Bg7 8. Nf1 O-O 9. Ne3 Na5 10. Bc2 c5 11. a3 Nc6 12. b4 cxb4 13. axb4 d5 14. b5 Ne7 15. O-O Be6 16. Ba3 d4 17. cxd4 exd4 18. Nxd4 Qxd4 19. Bxe7 Rfc8 20. Rb1 Ng4 21. Nxg4 Bxg4 22. Qxg4 Rxc2 23. Qf3 Rac8 24. g3 Qb6 25. Qf4 R8c3 26. Rbd1 g5 27. Qf5 Bd4 28. e5 Rb2 29. Bf6 Rcc2 30. Rd2 Qe6 31. Qxe6 fxe6 32. Rxc2 Rxc2 33. Kg2 a5 34. bxa6 bxa6 35. Kf3 a5 36. h4 a4 37. hxg5 a3 38. Ke4 Bb2 39. gxh6 a2 0-1

[Event "4NCL Div 1 2018-19"]
[Site "Daventry"]
[Date "2019.01.12"]
[Round "3"]
[White "Chow, Samuel"]
[Black "Kett, Tim"]
[Result "1-0"]
[ECO "A29"]
[WhiteElo "2331"]
[BlackElo "2209"]
[Annotator "NA"]
[PlyCount "77"]
[EventDate "2019.01.12"]
[EventCountry "GBR"]
[SourceTitle "playchess.com"]
[Source "ChessBase"]
[SourceQuality "1"]
[TimeControl "40"]

1. Nf3 Nf6 2. g3 g6 3. Bg2 Bg7 4. O-O O-O 5. c4 d6 6. Nc3 Nc6 7. Rb1 e5 8. b4 a6 9. a4 Nd4 10. b5 Nxf3+ 11. Bxf3 axb5 12. axb5 Bh3 13. Re1 Rb8 14. d3 h6 15. Qb3 Kh7 16. Be3 b6 17. Na2 Ng4 18. Bd2 f5 19. Nb4 Qf6 20. Qa3 f4 21. Nd5 Qd8 22. Qa7 Rf7 23. Be4 fxg3 24. fxg3 Nf2 25. Be3 Nxe4 26. dxe4 Qc8 27. Nxb6 Rxb6 28. Bxb6 Qg4 29. Qb7 h5 30. Bf2 Bh6 31. Rb3 Bd2 32. Qd5 Rxf2 33. Kxf2 Bxe1+ 34. Kxe1 Bg2 35. b6 cxb6 36. Rxb6 Bxe4 37. Qf7+ Kh6 38. Qf8+ Kh7 39. Rb8 1-0

[Event "4NCL Div 1 2018-19"]
[Site "Daventry"]
[Date "2019.01.12"]
[Round "3"]
[White "Taylor, Martin R"]
[Black "Dargan, Paul A G"]
[Result "1-0"]
[ECO "E36"]
[WhiteElo "2328"]
[BlackElo "2123"]
[Annotator "NA"]
[PlyCount "83"]
[EventDate "2019.01.12"]
[EventCountry "GBR"]
[SourceTitle "playchess.com"]
[Source "ChessBase"]
[SourceQuality "1"]
[TimeControl "40"]

1. d4 Nf6 2. c4 e6 3. Nc3 Bb4 4. Qc2 d5 5. a3 Bxc3+ 6. Qxc3 O-O 7. Bg5 dxc4 8. Qxc4 b6 9. Rd1 Ba6 10. Qa4 h6 11. Bh4 Qe7 12. Nf3 Rd8 13. e3 Bxf1 14. Rxf1 c5 15. dxc5 Rxd1+ 16. Qxd1 Qxc5 17. Qd8+ Kh7 18. Bxf6 gxf6 19. Qxf6 Nc6 20. Qxf7+ Kh8 21. Qf6+ Kh7 22. Qf7+ Kh8 23. Qf6+ Kh7 24. Qc3 Qb5 25. Nd4 Nxd4 26. exd4 Qd5 27. f3 Rd8 28. Rf2 Qxd4 29. Qxd4 Rxd4 30. Rd2 Rh4 31. h3 Kg6 32. Rd7 Ra4 33. Kd2 h5 34. g4 b5 35. Rb7 a6 36. Ke3 Kf6 37. Rb6 h4 38. f4 Kf7 39. g5 Rc4 40. Rxa6 Rc1 41. Ra7+ Kg8 42. Ke4 1-0

[Event "4NCL Div 1 2018-19"]
[Site "Daventry"]
[Date "2019.01.12"]
[Round "3"]
[White "Reimanis, Ritvars"]
[Black "Guichard, Pauline"]
[Result "1-0"]
[ECO "A16"]
[WhiteElo "2316"]
[BlackElo "2382"]
[Annotator "NA"]
[PlyCount "83"]
[EventDate "2019.01.12"]
[EventCountry "GBR"]
[SourceTitle "playchess.com"]
[Source "ChessBase"]
[SourceQuality "1"]
[TimeControl "40"]

1. c4 Nf6 2. Nc3 g6 3. g3 Bg7 4. Bg2 O-O 5. d3 d6 6. Rb1 c6 7. e4 a6 8. Nge2 b5 9. b4 e5 10. a4 Qe8 11. O-O Be6 12. f4 bxc4 13. f5 gxf5 14. exf5 cxd3 15. Qxd3 Bd5 16. Nxd5 cxd5 17. g4 h6 18. Qh3 Qe7 19. Kh1 Rc8 20. g5 hxg5 21. Bxg5 Qb7 22. Bxf6 Bxf6 23. Qh6 Bg7 24. Qd2 Qe7 25. f6 Bxf6 26. Bxd5 Nd7 27. Qh6 Bg7 28. Rxf7 Qxf7 29. Bxf7+ Kxf7 30. Qxd6 Nf6 31. Ng3 Rc2 32. Qd3 Rac8 33. Rf1 Kg8 34. Qxa6 R8c6 35. Qa8+ Rc8 36. Qb7 R8c7 37. Qa8+ Rc8 38. Qf3 Rb2 39. Nf5 Rcc2 40. Nxg7 Rxh2+ 41. Kg1 Rh6 42. Nf5 1-0

[Event "4NCL Div 1 2018-19"]
[Site "Daventry"]
[Date "2019.01.12"]
[Round "3"]
[White "Webb, Laurence E"]
[Black "De Verdier, Michael"]
[Result "1-0"]
[ECO "D37"]
[WhiteElo "2311"]
[BlackElo "2277"]
[Annotator "NA"]
[PlyCount "83"]
[EventDate "2019.01.12"]
[EventCountry "GBR"]
[SourceTitle "playchess.com"]
[Source "ChessBase"]
[SourceQuality "1"]
[TimeControl "40"]

1. d4 d5 2. c4 e6 3. Nc3 a6 4. cxd5 exd5 5. Nf3 Nf6 6. Bg5 Be6 7. e3 Nbd7 8. Bd3 Bd6 9. O-O c6 10. h3 Qc7 11. Qd2 O-O 12. Bf4 h6 13. a3 Rfe8 14. Bxd6 Qxd6 15. b4 b5 16. Rfc1 Nb6 17. Ne2 Nc4 18. Qc3 Ne4 19. Bxe4 dxe4 20. Ne5 a5 21. Nf4 axb4 22. axb4 Bd5 23. Nxc4 Bxc4 24. Qb2 Kh7 25. Ra3 Rxa3 26. Qxa3 Kg8 27. Ra1 Qe7 28. Qa7 Qxb4 29. Qd7 Rb8 30. Qxc6 Qc3 31. Ra8 Qe1+ 32. Kh2 Rxa8 33. Qxa8+ Kh7 34. Qxe4+ Kg8 35. d5 Qd2 36. Qe5 g6 37. d6 b4 38. Qe8+ Kh7 39. d7 b3 40. d8=Q Qxd8 41. Qxd8 b2 42. Qb6 1-0

[Event "4NCL Div 1 2018-19"]
[Site "Daventry"]
[Date "2019.01.12"]
[Round "3"]
[White "Golding, Alex"]
[Black "Kolbus, Dietmar"]
[Result "1/2-1/2"]
[ECO "B01"]
[WhiteElo "2263"]
[BlackElo "2305"]
[Annotator "NA"]
[PlyCount "46"]
[EventDate "2019.01.12"]
[EventCountry "GBR"]
[SourceTitle "playchess.com"]
[Source "ChessBase"]
[SourceQuality "1"]
[TimeControl "40"]

1. e4 d5 2. exd5 Qxd5 3. Nc3 Qd6 4. d4 Nf6 5. Bc4 c6 6. Nge2 Be6 7. Bd3 Qd7 8. Nf4 Bf5 9. Bc4 e6 10. Nce2 Nd5 11. O-O Bd6 12. Nh5 O-O 13. Neg3 Bxg3 14. Nxg3 Bg6 15. Re1 Qd8 16. c3 Nd7 17. Qf3 Qh4 18. Bd2 a5 19. a4 Rfe8 20. Bd3 Bxd3 21. Qxd3 N5f6 22. h3 Rec8 23. Be3 Nd5 1/2-1/2

[Event "4NCL Div 1 2018-19"]
[Site "Daventry"]
[Date "2019.01.12"]
[Round "3"]
[White "Townsend, M Paul"]
[Black "Jones, Steven A"]
[Result "0-1"]
[ECO "E01"]
[WhiteElo "2250"]
[BlackElo "2142"]
[Annotator "NA"]
[PlyCount "80"]
[EventDate "2019.01.12"]
[EventCountry "GBR"]
[SourceTitle "playchess.com"]
[Source "ChessBase"]
[SourceQuality "1"]
[TimeControl "40"]

1. Nf3 Nf6 2. c4 c6 3. g3 d5 4. Bg2 e6 5. O-O Bd6 6. d4 Nbd7 7. Nc3 O-O 8. Nd2 Bb4 9. e4 Bxc3 10. bxc3 dxe4 11. Nxe4 Nxe4 12. Bxe4 Qa5 13. Qc2 Nf6 14. Bg2 e5 15. Bg5 exd4 16. Bxf6 d3 17. Qxd3 gxf6 18. Rfe1 Be6 19. Qd4 Kg7 20. Re4 Rfd8 21. Qe3 Qb6 22. Qf3 Qc5 23. Rae1 Rd2 24. Rf4 Rad8 25. Rxf6 Qxc4 26. Rf4 Qd3 27. Qh5 Rd1 28. Qe5+ Kg8 29. Rfe4 Rd5 30. Qb8+ Kg7 31. Bf1 Qxe4 32. Rxe4 Bh3 33. Rg4+ Bxg4 34. Kg2 Rxf1 35. h3 Be2 36. Qf4 Rfd1 37. g4 Bf1+ 38. Kg3 R1d3+ 39. f3 Be2 40. c4 Rxf3+ 0-1

[Event "4NCL Div 1 2018-19"]
[Site "Daventry"]
[Date "2019.01.12"]
[Round "3"]
[White "Connell, Blair N"]
[Black "Holland, James P"]
[Result "1/2-1/2"]
[ECO "A45"]
[WhiteElo "2246"]
[BlackElo "2260"]
[Annotator "NA"]
[PlyCount "37"]
[EventDate "2019.01.12"]
[EventCountry "GBR"]
[SourceTitle "playchess.com"]
[Source "ChessBase"]
[SourceQuality "1"]
[TimeControl "40"]

1. d4 Nf6 2. Nc3 g6 3. Bf4 c5 4. e3 Bg7 5. Qd2 O-O 6. dxc5 Qa5 7. Ne4 Qa4 8. Nxf6+ Bxf6 9. c3 Na6 10. Bxa6 Qxa6 11. e4 b6 12. cxb6 axb6 13. e5 Bg7 14. Nf3 Bb7 15. b3 f6 16. Qxd7 fxe5 17. Qe6+ Kh8 18. Bxe5 Bxf3 19. Kd2 1/2-1/2

[Event "4NCL Div 1 2018-19"]
[Site "Daventry"]
[Date "2019.01.12"]
[Round "3"]
[White "Head, Louise"]
[Black "Eggleston, David J"]
[Result "0-1"]
[ECO "D85"]
[WhiteElo "2237"]
[BlackElo "2408"]
[Annotator "NA"]
[PlyCount "128"]
[EventDate "2019.01.12"]
[EventCountry "GBR"]
[SourceTitle "playchess.com"]
[Source "ChessBase"]
[SourceQuality "1"]
[TimeControl "40"]

1. d4 Nf6 2. c4 g6 3. Nc3 d5 4. cxd5 Nxd5 5. Bd2 Bg7 6. e4 Nb6 7. Be3 O-O 8. h3 Nc6 9. d5 Ne5 10. Bd4 c5 11. Bxc5 Nec4 12. Bxc4 Nxc4 13. Nge2 Nxb2 14. Qc2 Nc4 15. Bd4 e5 16. Bc5 Re8 17. Qa4 Na5 18. O-O b6 19. Bb4 Bd7 20. Qd1 Nc4 21. Qd3 Rc8 22. Nd1 b5 23. Bc3 a5 24. Ne3 Nd6 25. a3 b4 26. Bb2 Bb5 27. Qd1 Nxe4 28. axb4 axb4 29. Re1 Qf6 30. Ng4 Qb6 31. Nc1 Nc3 32. Qd2 Rcd8 33. Ne3 Qd4 34. Bxc3 bxc3 35. Qc2 e4 36. Rd1 Qc5 37. Nb3 Qb4 38. Nc1 Qb2 39. Ra5 Bd7 40. Ne2 Ra8 41. Rxa8 Rxa8 42. Rb1 Ra1 43. Rxa1 Qxa1+ 44. Kh2 f5 45. Qb3 Be5+ 46. g3 Qb2 47. Qc4 Qb5 48. Qa2 Qa4 49. Qb1 Kf7 50. Kg2 g5 51. Qc1 f4 52. gxf4 gxf4 53. Nxc3 Bxc3 54. Qxc3 fxe3 55. Qxe3 Qa6 56. f3 exf3+ 57. Qxf3+ Qf6 58. Qb3 Qg5+ 59. Kf2 Qf4+ 60. Kg2 Bf5 61. Qb7+ Kg6 62. Qb6+ Kh5 63. d6 Be4+ 64. Kg1 Qg3+ 0-1

[Event "4NCL Div 1 2018-19"]
[Site "Daventry"]
[Date "2019.01.12"]
[Round "3"]
[White "Jaracz, Barbara"]
[Black "Ciuksyte, Dagne"]
[Result "0-1"]
[ECO "B42"]
[WhiteElo "2230"]
[BlackElo "2303"]
[Annotator "NA"]
[PlyCount "70"]
[EventDate "2019.01.12"]
[EventCountry "GBR"]
[SourceTitle "playchess.com"]
[Source "ChessBase"]
[SourceQuality "1"]
[TimeControl "40"]

1. e4 c5 2. Nf3 e6 3. d4 cxd4 4. Nxd4 a6 5. Bd3 Nf6 6. O-O d6 7. c4 Be7 8. Nc3 b6 9. f4 Bb7 10. Qe2 O-O 11. Bd2 Nbd7 12. Kh1 Qc7 13. Rae1 Rad8 14. Nf3 Nc5 15. Bc2 g6 16. Ng5 Rfe8 17. e5 Nh5 18. Nxh7 Kg7 19. f5 exf5 20. Rxf5 dxe5 21. Rxe5 Ng3+ 22. hxg3 Rh8 23. Bf4 Rxh7+ 24. Kg1 Bd6 25. b4 Nd7 26. Re7 Bxf4 27. Rxf7+ Kxf7 28. Qe7+ Kg8 29. Qe6+ Kf8 30. Rf1 Rf7 31. Bxg6 Rf6 32. Qh3 Be3+ 33. Kh2 Rxf1 34. Qh8+ Ke7 35. Qg7+ Kd6 0-1

[Event "4NCL Div 1 2018-19"]
[Site "Daventry"]
[Date "2019.01.12"]
[Round "3"]
[White "Willow, Jonah B"]
[Black "Ansell, Simon T"]
[Result "0-1"]
[ECO "B32"]
[WhiteElo "2224"]
[BlackElo "2336"]
[Annotator "NA"]
[PlyCount "132"]
[EventDate "2019.01.12"]
[EventCountry "GBR"]
[SourceTitle "playchess.com"]
[Source "ChessBase"]
[SourceQuality "1"]
[TimeControl "40"]

1. e4 c5 2. Nf3 Nc6 3. d4 cxd4 4. Nxd4 e5 5. Nb5 d6 6. N1c3 a6 7. Na3 Be6 8. Nc4 b5 9. Ne3 Nf6 10. Bd3 g6 11. O-O Bh6 12. Ncd5 Bxd5 13. Nxd5 Bxc1 14. Qxc1 O-O 15. a4 Nxd5 16. exd5 Nb4 17. Qd2 Nxd3 18. Qxd3 Qb6 19. axb5 axb5 20. Qc3 Rac8 21. Qb3 Rc4 22. c3 f5 23. Qa3 Ra4 24. Qb3 Rfa8 25. Rxa4 Rxa4 26. Qd1 Qc5 27. Qd2 Kg7 28. Qg5 Qc7 29. Rd1 h6 30. Qe3 h5 31. h3 f4 32. Qe2 Qc4 33. Rd2 Ra1+ 34. Kh2 Qxe2 35. Rxe2 Rd1 36. b4 Rxd5 37. Ra2 e4 38. Ra5 Rd2 39. Rxb5 Rxf2 40. Kg1 Rd2 41. Kf1 e3 42. c4 Rf2+ 43. Kg1 Rc2 44. Kf1 Rc1+ 45. Ke2 Rg1 46. Rg5 Kf6 47. h4 Rb1 48. b5 Rb2+ 49. Ke1 Rb4 50. Rd5 Rxc4 51. Rxd6+ Kf5 52. Rd5+ Ke4 53. Rd6 Rc1+ 54. Ke2 Rc2+ 55. Kf1 Rf2+ 56. Kg1 Rd2 57. Re6+ Kf5 58. Re7 Rb2 59. Kf1 Rxb5 60. Rf7+ Ke5 61. Rg7 Kf6 62. Rg8 Rb1+ 63. Ke2 Rg1 64. Rf8+ Ke5 65. Re8+ Kf5 66. Rf8+ Kg4 0-1

[Event "4NCL Div 1 2018-19"]
[Site "Daventry"]
[Date "2019.01.12"]
[Round "3"]
[White "Blackburn, Jonathan L B"]
[Black "Wells, Peter K"]
[Result "1/2-1/2"]
[ECO "E12"]
[WhiteElo "2208"]
[BlackElo "2405"]
[Annotator "NA"]
[PlyCount "67"]
[EventDate "2019.01.12"]
[EventCountry "GBR"]
[SourceTitle "playchess.com"]
[Source "ChessBase"]
[SourceQuality "1"]
[TimeControl "40"]

1. d4 Nf6 2. c4 e6 3. Nc3 Bb4 4. Nf3 b6 5. Qb3 c5 6. Bg5 Bb7 7. e3 O-O 8. Rd1 cxd4 9. exd4 Bxc3+ 10. bxc3 d6 11. Be2 Nbd7 12. O-O Qc7 13. h3 Rac8 14. Qa3 d5 15. cxd5 Bxd5 16. c4 Bxc4 17. Bxc4 Qxc4 18. Bxf6 Nxf6 19. Rc1 Qd5 20. Rxc8 Rxc8 21. Qxa7 Nd7 22. a3 h6 23. Ne5 Nxe5 24. dxe5 b5 25. Re1 Rc2 26. Qb8+ Kh7 27. Qd6 Qxd6 28. exd6 Rd2 29. Rb1 Rxd6 30. Rxb5 Rd1+ 31. Kh2 Rd2 32. Kg1 Rd1+ 33. Kh2 Rd2 34. Kg1 1/2-1/2

[Event "4NCL Div 1 2018-19"]
[Site "Daventry"]
[Date "2019.01.12"]
[Round "3"]
[White "Mihalik, Agoston"]
[Black "Weller, Jean-Luc"]
[Result "1/2-1/2"]
[ECO "C04"]
[WhiteElo "2206"]
[BlackElo "2268"]
[Annotator "NA"]
[PlyCount "93"]
[EventDate "2019.01.12"]
[EventCountry "GBR"]
[SourceTitle "playchess.com"]
[Source "ChessBase"]
[SourceQuality "1"]
[TimeControl "40"]

1. e4 e6 2. d4 d5 3. Nd2 Nc6 4. Ngf3 Nf6 5. e5 Nd7 6. c4 Be7 7. Bd3 f6 8. O-O O-O 9. Re1 Nb6 10. a3 dxc4 11. Nxc4 f5 12. Nxb6 axb6 13. Be3 g5 14. h3 f4 15. Bd2 Nxd4 16. Nxd4 Qxd4 17. Bb4 Qd7 18. Bxh7+ Kxh7 19. Qxd7 Bxd7 20. Bxe7 Rg8 21. Rac1 Bc6 22. f3 Kg6 23. Kf2 Rg7 24. Bf6 Rh7 25. Rc4 Bd5 26. Rcc1 c5 27. Red1 Rc8 28. Rc3 b5 29. Rdc1 b6 30. Rd1 Ra8 31. Rh1 c4 32. Rb1 Ra4 33. Ke2 Rha7 34. Kd2 b4 35. axb4 Rxb4 36. Kc2 Rba4 37. Bd8 b5 38. Ra3 Rxa3 39. bxa3 Bc6 40. Kb2 Rd7 41. Ba5 Rd3 42. Bc3 Kf7 43. Kc2 Ke8 44. Re1 Kd8 45. Re2 Be8 46. Rd2 Bg6 47. Kd1 1/2-1/2

[Event "4NCL Div 1 2018-19"]
[Site "Daventry"]
[Date "2019.01.12"]
[Round "3"]
[White "Makkar, Rajat"]
[Black "Stoeri, Laura"]
[Result "0-1"]
[ECO "E11"]
[WhiteElo "2173"]
[BlackElo "2113"]
[Annotator "NA"]
[PlyCount "90"]
[EventDate "2019.01.12"]
[EventCountry "GBR"]
[SourceTitle "playchess.com"]
[Source "ChessBase"]
[SourceQuality "1"]
[TimeControl "40"]

1. d4 Nf6 2. c4 e6 3. g3 Bb4+ 4. Bd2 Qe7 5. Bg2 Nc6 6. Nf3 Bxd2+ 7. Qxd2 Ne4 8. Qc2 Qb4+ 9. Nc3 f5 10. Qb3 b6 11. O-O Ba6 12. Ne5 Qd6 13. Nxe4 fxe4 14. Nxc6 Qxc6 15. Rac1 Bb7 16. Rfd1 O-O 17. d5 exd5 18. cxd5 Qf6 19. f4 exf3 20. Bxf3 Qd6 21. Rxc7 Ba6 22. Rc6 Qe5 23. Rc2 d6 24. Qc3 Qg5 25. Qd2 Qg6 26. b4 Bb5 27. Rdc1 Rae8 28. a4 Bxa4 29. Ra2 b5 30. Ra3 Rc8 31. Rc6 Qf6 32. Rac3 Rce8 33. Ra6 Re7 34. Rcc6 Rd8 35. Qf4 Qa1+ 36. Kg2 Rf8 37. Qxd6 Re3 38. Qc5 Qa3 39. d6 Rexf3 40. Qd5+ R3f7 41. d7 Qa1 42. Kh3 Qf1+ 43. Kh4 Qxe2 44. d8=Q Qxh2+ 45. Kg4 Bd1+ 0-1

[Event "4NCL Div 1 2018-19"]
[Site "Daventry"]
[Date "2019.01.12"]
[Round "3"]
[White "Quinn, John M"]
[Black "Longson, Sarah N"]
[Result "1/2-1/2"]
[ECO "D24"]
[WhiteElo "2163"]
[BlackElo "2086"]
[Annotator "NA"]
[PlyCount "41"]
[EventDate "2019.01.12"]
[EventCountry "GBR"]
[SourceTitle "playchess.com"]
[Source "ChessBase"]
[SourceQuality "1"]
[TimeControl "40"]

1. d4 d5 2. c4 dxc4 3. Nf3 Nf6 4. Nc3 a6 5. a4 e6 6. Bg5 c5 7. dxc5 Qa5 8. Bxf6 gxf6 9. Qd4 Nd7 10. Qxc4 Bxc5 11. e3 Nb6 12. Qb3 e5 13. Bd3 Be6 14. Qc2 Nd5 15. O-O Nb4 16. Qe2 Nxd3 17. Qxd3 Rd8 18. Qe4 Qb4 19. Nxe5 fxe5 20. Qxe5 O-O 21. Qg5+ 1/2-1/2